MLB
COLORADO ROCKIES @ ATLANTA BRAVES
02/27/2019
 
TOP OF THE 1ST
Colorado Rockies batting - Pitching for Atlanta Braves : RHP Michael Pineda
Pitching: RHP Michael Pineda
Batting: RHB Willy Adames 0-0: Fly out, F8 (Line Drive, 8LM, EV 106.9 MPH)
Batting: LHB Tommy La Stella 0-0: Foul Ball, location: 2F
0-1: Ball
1-1: Fly out, F8 (Line Drive, 8LD, EV 93.1 MPH)
Batting: RHB Mike Trout 0-0: Foul Ball, location: 2F
0-1: Ball
1-1: Foul Ball, location: 2F
1-2: Ball
2-2: Ball
3-2: Ground out 6-3 (Groundball, 6, EV 81.3 MPH)
Top of the 1st over - 0 runs, 0 hits, 0 errors, 0 left on base; Colorado 0 - Atlanta 0
BOTTOM OF THE 1ST
Atlanta Braves batting - Pitching for Colorado Rockies : LHP Tyler Skaggs
Pitching: LHP Tyler Skaggs
Batting: LHB Mallex Smith 0-0: Swinging Strike
0-1: Ball
1-1: Ball
2-1: Foul Ball, location: 2F
2-2: Ground out 5-3 (Groundball, 56, EV 79.4 MPH)
Batting: RHB Brian Dozier 0-0: Ball
1-0: Foul Ball, location: 2F
1-1: Ball
2-1: Called Strike
2-2: Ground out 6-3 (Groundball, 6, EV 85.0 MPH)
Batting: RHB Vladimir Guerrero Jr. 0-0: Ground out 6-3 (Groundball, 6, EV 92.5 MPH)
Bottom of the 1st over - 0 runs, 0 hits, 0 errors, 0 left on base; Colorado 0 - Atlanta 0
TOP OF THE 2ND
Colorado Rockies batting - Pitching for Atlanta Braves : RHP Michael Pineda
Batting: RHB Clint Frazier 0-0: Ball
1-0: Swinging Strike
1-1: Called Strike
1-2: Strikes out swinging
Batting: RHB Bryce Brentz 0-0: Called Strike
0-1: Ball
1-1: Swinging Strike
1-2: Ball
2-2: Ball
3-2: Fly out, F8 (Flyball, 8RM, EV 81.3 MPH)
Batting: LHB Jake Bauers 0-0: Foul Ball, location: 2F
0-1: Ball
1-1: Fly out, F8 (Flyball, 8RM, EV 96.3 MPH)
Top of the 2nd over - 0 runs, 0 hits, 0 errors, 0 left on base; Colorado 0 - Atlanta 0
BOTTOM OF THE 2ND
Atlanta Braves batting - Pitching for Colorado Rockies : LHP Tyler Skaggs
Batting: RHB Ronald Acuna Jr. 0-0: Called Strike
0-1: Ball
1-1: Swinging Strike
1-2: Ball
2-2: Strikes out swinging
Batting: RHB Domingo Santana 0-0: Ball
1-0: Called Strike
1-1: Hit by Pitch
Batting: RHB Adeiny Hechavarria 0-0: Ball
1-0: Ball
2-0: Fielders Choice at 2nd, U6 (Groundball, 4M, EV 90.6 MPH)
Batting: RHB Miguel Sano 0-0: Ball
1-0: Foul Ball, location: 2F
1-1: Swinging Strike
1-2: Foul Ball, location: 2F
1-2: Strikes out swinging
Bottom of the 2nd over - 0 runs, 0 hits, 0 errors, 1 left on base; Colorado 0 - Atlanta 0
TOP OF THE 3RD
Colorado Rockies batting - Pitching for Atlanta Braves : RHP Michael Pineda
Batting: RHB Brandon Drury 0-0: Ground out 4-3 (Groundball, 34, EV 77.5 MPH)
Batting: LHB Nick Ciuffo 0-0: Called Strike
0-1: Foul Ball, location: 2F
0-2: Foul Ball, location: 2F
0-2: Strikes out swinging
Batting: LHB Tyler Skaggs 0-0: Called Strike
0-1: Ball
1-1: Fly out, F8 (Line Drive, 8RD, EV 97.5 MPH)
Top of the 3rd over - 0 runs, 0 hits, 0 errors, 0 left on base; Colorado 0 - Atlanta 0
BOTTOM OF THE 3RD
Atlanta Braves batting - Pitching for Colorado Rockies : LHP Tyler Skaggs
Batting: RHB Kurt Suzuki 0-0: Foul Ball, location: 2F
0-1: Ball
1-1: Called Strike
1-2: Strikes out swinging
Batting: RHB Michael Pineda 0-0: Called Strike
0-1: Ground out 5-3 (Groundball, 56, EV 102.5 MPH)
Batting: LHB Mallex Smith 0-0: Ball
1-0: Called Strike
1-1: Fly out, F6 (Popup, 56, EV 60.6 MPH)
Bottom of the 3rd over - 0 runs, 0 hits, 0 errors, 0 left on base; Colorado 0 - Atlanta 0
TOP OF THE 4TH
Colorado Rockies batting - Pitching for Atlanta Braves : RHP Michael Pineda
Batting: RHB Willy Adames 0-0: Bunted foul
0-1: Ground out 6-3 (Groundball, 6, EV 101.3 MPH)
Batting: LHB Tommy La Stella 0-0: Ball
1-0: Ball
2-0: Ground out U3 (Groundball, 3S, EV 70.6 MPH)
Batting: RHB Mike Trout 0-0: Called Strike
0-1: Foul Ball, location: 2F
0-2: Foul Ball, location: 2F
0-2: Ball
1-2: Strikes out swinging
Top of the 4th over - 0 runs, 0 hits, 0 errors, 0 left on base; Colorado 0 - Atlanta 0
BOTTOM OF THE 4TH
Atlanta Braves batting - Pitching for Colorado Rockies : LHP Tyler Skaggs
Batting: RHB Brian Dozier 0-0: Ball
1-0: Ball
2-0: Called Strike
2-1: Bunt for hit to 3S - play at first, batter OUT! 3-4
Batting: RHB Vladimir Guerrero Jr. 0-0: Swinging Strike
0-1: Foul Ball, location: 2F
0-2: DOUBLE (Groundball, 5L, EV 100.6 MPH)
Batting: RHB Ronald Acuna Jr. 0-0: Fly out, F9 (Flyball, 89M, EV 74.4 MPH)
Batting: RHB Domingo Santana 0-0: Called Strike
0-1: Ball
1-1: Ground out 6-3 (Groundball, 6, EV 103.1 MPH)
Bottom of the 4th over - 0 runs, 1 hit, 0 errors, 1 left on base; Colorado 0 - Atlanta 0
TOP OF THE 5TH
Colorado Rockies batting - Pitching for Atlanta Braves : RHP Michael Pineda
Pitching: LHP Brian Johnson
Batting: RHB Clint Frazier 0-0: Ball
1-0: Called Strike
1-1: Fly out, F7 (Flyball, 7S, EV 83.8 MPH)
Batting: RHB Bryce Brentz 0-0: Swinging Strike
0-1: Ball
1-1: Foul Ball, location: 2F
1-2: Ball
2-2: Ball
3-2: Foul Ball, location: 2F
3-2: Base on Balls
Batting: LHB Jake Bauers 0-0: Ball
1-0: Ball
2-0: SINGLE (Groundball, 4MD, EV 94.4 MPH)
Bryce Brentz to second
Batting: RHB Brandon Drury 0-0: SINGLE (Line Drive, 8LS, EV 94.4 MPH)
Bryce Brentz to third
Jake Bauers to second
Runner from 3rd tries for Home, SAFE, no throw by CF
Batting: LHB Nick Ciuffo 0-0: Called Strike
0-1: Fly out, F7 (Flyball, 7LS, EV 83.8 MPH)
Pinch Hitting: RHB Pete Alonso 0-0: Called Strike
0-1: Foul Ball, location: 2F
0-2: Strikes out looking
Top of the 5th over - 1 run, 2 hits, 0 errors, 2 left on base; Colorado 1 - Atlanta 0
BOTTOM OF THE 5TH
Atlanta Braves batting - Pitching for Colorado Rockies : LHP Tyler Skaggs
Pitching: RHP Daniel Gossett
Batting: RHB Adeiny Hechavarria 0-0: Called Strike
0-1: Foul Ball, location: 2F
0-2: Ball
1-2: Ball
2-2: Ball
3-2: Base on Balls
Batting: RHB Miguel Sano 0-0: Called Strike
0-1: Foul Ball, location: 2F
0-2: Ball
1-2: Ball
2-2: Ball
3-2: Foul Ball, location: 2F
3-2: Strikes out swinging
Batting: RHB Kurt Suzuki 0-0: Fly out, F8 (Flyball, 8LM, EV 78.8 MPH)
Pinch Hitting: LHB Ben Gamel 0-0: Ball
1-0: SINGLE (Groundball, 4MD, EV 97.5 MPH)
Adeiny Hechavarria to second
Batting: LHB Mallex Smith 0-0: Called Strike
0-1: Foul Ball, location: 2F
0-2: Ball
1-2: Ground out 1-3 (Groundball, P, EV 81.3 MPH)
Bottom of the 5th over - 0 runs, 1 hit, 0 errors, 2 left on base; Colorado 1 - Atlanta 0
TOP OF THE 6TH
Colorado Rockies batting - Pitching for Atlanta Braves : LHP Brian Johnson
Pitching: RHP Taijuan Walker
Batting: RHB Willy Adames 0-0: Ball
1-0: Foul Ball, location: 2F
1-1: Called Strike
1-2: Ground out 1-3 (Groundball, 13S, EV 69.4 MPH)
Batting: LHB Tommy La Stella 0-0: Foul Ball, location: 2F
0-1: Ball
1-1: Foul Ball, location: 2F
1-2: Fly out, F8 (Line Drive, 8RM, EV 99.4 MPH)
Batting: RHB Mike Trout 0-0: Called Strike
0-1: Ball
1-1: Ball
2-1: Called Strike
2-2: Foul Ball, location: 2F
2-2: Strikes out swinging
Top of the 6th over - 0 runs, 0 hits, 0 errors, 0 left on base; Colorado 1 - Atlanta 0
BOTTOM OF THE 6TH
Atlanta Braves batting - Pitching for Colorado Rockies : RHP Daniel Gossett
Batting: RHB Brian Dozier 0-0: Bunt for hit to 13 - play at first, batter OUT! 1-3
Batting: RHB Vladimir Guerrero Jr. 0-0: Ball
1-0: SINGLE (Line Drive, 8RS, EV 94.4 MPH)
Batting: RHB Ronald Acuna Jr. 0-0: Called Strike
0-1: Swinging Strike
0-2: Foul Ball, location: 2F
0-2: Ball
1-2: Ball
2-2: Strikes out swinging
Batting: RHB Domingo Santana 0-0: Ball
1-0: Swinging Strike
1-1: Ball
2-1: Ball
3-1: Called Strike
3-2: Base on Balls
Vladimir Guerrero Jr. to second
Batting: RHB Adeiny Hechavarria 0-0: Foul Ball, location: 2F
0-1: Foul Ball, location: 2F
0-2: Foul Ball, location: 2F
0-2: Foul Ball, location: 2F
0-2: Foul Ball, location: 2F
0-2: Ground out 1-3 (Groundball, 34S, EV 88.8 MPH)
Bottom of the 6th over - 0 runs, 1 hit, 0 errors, 2 left on base; Colorado 1 - Atlanta 0
TOP OF THE 7TH
Colorado Rockies batting - Pitching for Atlanta Braves : RHP Taijuan Walker
Batting: RHB Clint Frazier 0-0: Ball
1-0: Ball
2-0: Called Strike
2-1: SINGLE (Groundball, 34D, EV 95.0 MPH)
Batting: RHB Bryce Brentz 0-0: Fly out, F7 (Flyball, 78S, EV 90.6 MPH)
Batting: LHB Jake Bauers 0-0: SINGLE (Flyball, 9LS, EV 83.8 MPH)
Clint Frazier to second
Runner from 2nd tries for 3rd, SAFE, throw by RF made to third
Batting: RHB Brandon Drury 0-0: Foul Ball, location: 2F
0-1: Ball
1-1: Ball
2-1: Ball
3-1: Called Strike
3-2: SINGLE (Groundball, 4, EV 86.3 MPH) (infield hit)
Clint Frazier scores
Jake Bauers to second
Batting: LHB Nick Ciuffo 0-0: Ball
1-0: Called Strike
1-1: Foul Ball, location: 2F
1-2: Ball
2-2: Foul Ball, location: 2F
2-2: Fielders Choice at 2nd, 4-6 (Groundball, 4, EV 85.0 MPH)
Jake Bauers to third
Pinch Hitting: LHB Dylan Cozens 0-0: Called Strike
0-1: Ball
1-1: Foul Ball, location: 2F
1-2: Strikes out looking
Top of the 7th over - 1 run, 3 hits, 0 errors, 2 left on base; Colorado 2 - Atlanta 0
BOTTOM OF THE 7TH
Atlanta Braves batting - Pitching for Colorado Rockies : RHP Daniel Gossett
Pitching: RHP Michael Kopech
Batting: RHB Miguel Sano 0-0: Ball
1-0: Ball
2-0: Foul Ball, location: 2F
2-1: Ball
3-1: Base on Balls
Batting: RHB Kurt Suzuki 0-0: Ball
1-0: Ball
2-0: Hit by Pitch
Miguel Sano to second
Pinch Hitting: LHB Lucas Duda 0-0: Swinging Strike
0-1: Swinging Strike
0-2: Strikes out swinging
Pinch Hitting: SHB Luis Alexander Basabe 0-0: Called Strike
0-1: Ball
1-1: Foul Ball, location: 2F
1-2: Foul Ball, location: 2F
1-2: Foul Ball, location: 2F
1-2: Ball
2-2: Foul Ball, location: 2F
2-2: SINGLE (Flyball, 7LS, EV 90.6 MPH)
Miguel Sano to third
Kurt Suzuki to second
Pinch Hitting: SHB Leury Garcia 0-0: SINGLE (Groundball, 56, EV 95.0 MPH)
Miguel Sano scores
Kurt Suzuki to third
Luis Alexander Basabe to second
Pinch Hitting: SHB Juniel Querecuto 0-0: Foul Ball, location: 2F
0-1: Foul Ball, location: 2F
0-2: Ball
1-2: Ball
2-2: Ball
3-2: Base on Balls
Kurt Suzuki scores
Luis Alexander Basabe to third
Leury Garcia to second
Pitching: RHP Jon Harris
Pinch Hitting: SHB Robbie Grossman 0-0: Ball
1-0: Foul Ball, location: 2F
1-1: Ball
2-1: Swinging Strike
2-2: Foul Ball, location: 2F
2-2: Strikes out swinging
Pinch Hitting: LHB Kole Calhoun 0-0: Ball
1-0: Foul Ball, location: 2F
1-1: DOUBLE (Line Drive, 89D, EV 104.4 MPH)
Luis Alexander Basabe scores
Leury Garcia scores
Juniel Querecuto to third
Runner from 3rd tries for Home, SAFE, no throw by RF
Pinch Hitting: RHB Ruddy Giron 0-0: Reached on error, E6 (Groundball, 56, EV 85.6 MPH)
Kole Calhoun to third
Pinch Hitting: RHB Kevin Cron 0-0: Ball
1-0: Fly out, F8 (Flyball, 78S, EV 89.4 MPH)
Bottom of the 7th over - 5 runs, 3 hits, 1 error, 2 left on base; Colorado 2 - Atlanta 5
TOP OF THE 8TH
Colorado Rockies batting - Pitching for Atlanta Braves : RHP Taijuan Walker
Pitching: RHP Paul Blackburn
Now at 1B: Lucas Duda
Now at 2B: Franklin Barreto
Now at 3B: Juniel Querecuto
Now at SS: Tristan Gray
Now in LF: Leury Garcia
Now in CF: Luis Alexander Basabe
Now in RF: Kole Calhoun
Pinch Hitting: RHB Jorge Mateo 0-0: Fly out, F7 (Flyball, 78S, EV 88.1 MPH)
Batting: LHB Tommy La Stella 0-0: Foul Ball, location: 2F
0-1: Ball
1-1: Fly out, F6 (Popup, 6, EV 71.3 MPH)
Pinch Hitting: RHB Michael Gettys 0-0: Called Strike
0-1: Ball
1-1: Foul Ball, location: 2F
1-2: Ball
2-2: SINGLE (Groundball, 6MD, EV 107.5 MPH)
Pinch Hitting: RHB JaCoby Jones 0-0: Swinging Strike
0-1: Called Strike
0-2: Ball
1-2: Foul Ball, location: 2F
1-2: Ball
2-2: Foul Ball, location: 2F
2-2: Foul Ball, location: 2F
2-2: SINGLE (Groundball, 56D, EV 98.1 MPH)
Michael Gettys to second
Pinch Hitting: RHB Anthony Alford 0-0: Called Strike
0-1: Ball
1-1: Ball
2-1: Ball
3-1: Foul Ball, location: 2F
3-2: Foul Ball, location: 2F
3-2: Ground out 5-3 (Groundball, 56, EV 96.9 MPH)
Top of the 8th over - 0 runs, 2 hits, 0 errors, 2 left on base; Colorado 2 - Atlanta 5
BOTTOM OF THE 8TH
Atlanta Braves batting - Pitching for Colorado Rockies : RHP Jon Harris
Now at SS: Jorge Mateo
Now in LF: Anthony Alford
Now in CF: JaCoby Jones
Now in RF: Michael Gettys
Batting: RHB Kurt Suzuki 0-0: Fly out, F7 (Flyball, 7LS, EV 88.8 MPH)
Batting: LHB Lucas Duda 0-0: Called Strike
0-1: Fly out, F8 (Flyball, 8LXD, EV 88.1 MPH)
Batting: SHB Luis Alexander Basabe 0-0: Ground out U3 (Groundball, 3, EV 83.1 MPH)
Bottom of the 8th over - 0 runs, 0 hits, 0 errors, 0 left on base; Colorado 2 - Atlanta 5
TOP OF THE 9TH
Colorado Rockies batting - Pitching for Atlanta Braves : RHP Paul Blackburn
Pitching: LHP Zach Duke
Pinch Hitting: LHB Patrick Mazeika 0-0: Foul Ball, location: 2F
0-1: Ball
1-1: Swinging Strike
1-2: Ball
2-2: Strikes out swinging
Pinch Hitting: RHB Marty Herum 0-0: Ball
1-0: Ball
2-0: Ground out 1-3 (Groundball, 13S, EV 75.6 MPH)
Pinch Hitting: LHB Reese McGuire 0-0: Called Strike
0-1: Ball
1-1: Swinging Strike
1-2: Ball
2-2: Strikes out swinging
Top of the 9th over - 0 runs, 0 hits, 0 errors, 0 left on base; Colorado 2 - Atlanta 5
Thursday, June 6th, 2019 - OOTP Baseball 20.4 Build 40